 Dungeon Crawl Stone Soup version 0.24-a0-521-g122614bf49 (webtiles) character file.

Game seed: 11678318797691966358

241 night the Sneak (level 6, -1/28 HPs)
             Began as a Vine Stalker Enchanter on July 28, 2019.
             Was an Initiate of Dithmenos.
             Slain by a worker ant (4 damage)
             ... on level 3 of the Dungeon.
             The game lasted 00:10:47 (3493 turns).

night the Sneak (Vine Stalker Enchanter)            Turns: 3493, Time: 00:10:47

Health: -1/28      AC:  2    Str: 11    XL:     6   Next: 8%
Magic:  0/10       EV: 12    Int: 16    God:    Dithmenos [......]
Gold:   147        SH:  0    Dex: 15    Spells: 3/9 levels left

rFire    . . .     SeeInvis .   a - +3 dagger
rCold    . . .     Gourm    .   (no shield)
rNeg     . . .     Faith    .   b - +0 robe
rPois    .         Spirit   +   (no helmet)
rElec    .         Reflect  .   (no cloak)
rCorr    .         Harm     .   (no gloves)
MR       .....                  (no boots)
Stlth    +++.......             (no amulet)
HPRegen  0.49/turn              (no ring)
MPRegen  0.12/turn              (no ring)

@: lethally poisoned (-1 -> -1)
A: fangs 2, regeneration 1, magic shield, antimagic bite, no potion heal 3, rot
immunity
a: Renounce Religion


You were on level 3 of the Dungeon.
You worshipped Dithmenos.
Dithmenos was noncommittal.
You were not hungry.

You visited 2 branches of the dungeon, and saw 5 of its levels.

You collected 147 gold pieces.

Inventory:

Hand Weapons
 a - a +3 dagger (weapon)
Missiles
 e - 54 bolts
 l - 8 boomerangs (quivered)
 s - 11 poisoned darts
Armour
 b - a +0 robe (worn)
Wands
 q - a wand of flame (12)
Scrolls
 c - 3 scrolls of identify
 h - a scroll of teleportation
 i - a scroll of amnesia {unknown}
 n - a scroll of fog {unknown}
 o - a scroll of remove curse {unknown}
 p - 4 scrolls of fear {unknown}
 r - a scroll of magic mapping {unknown}
Potions
 f - a potion of heal wounds {unknown}
 k - 2 potions of haste {unknown}
 m - a potion of agility {unknown}
Comestibles
 d - 6 rations
 g - a chunk of flesh


   Skills:
 + Level 3.1 Short Blades
 - Level 1.5 Dodging
 + Level 5.7 Stealth
 - Level 2.1 Spellcasting
 + Level 4.4 Hexes


You had 3 spell levels left.
You knew the following spells:

 Your Spells              Type           Power        Failure   Level  Hunger
a - Corona                Hex            ###....      3%          1    #......
b - Ensorcelled Hibernat  Hex/Ice        #.....       12%         2    ###....
c - Confuse               Hex            ###.....     10%         3    ###....

Your spell library contained the following spells:

 Spells                   Type           Power        Failure   Level  Hunger
 Slow                     Hex            ###.....     4%          2    ###....
 Tukima's Dance           Hex            ###.....     10%         3    ###....
 Magic Dart               Conj           #...         21%         1    #......
 Dazzling Spray           Conj/Hex       #.....       24%         3    ###....
 Blink                    Tloc           N/A          30%         2    ###....
 Call Imp                 Summ           #.......     30%         2    ###....
 Conjure Flame            Conj/Fire      #.......     52%         3    ###....
 Mephitic Cloud           Conj/Pois/Air  #.......     52%         3    ###....


Dungeon Overview and Level Annotations

Branches:
Dungeon (4/15)             Temple (1/1) D:4

Altars:
Cheibriados
Dithmenos
Gozag
Hepliaklqana
Kikubaaqudgha
Nemelex Xobeh
Qazlal
Ru
Sif Muna
Uskayaw
Vehumet
Wu Jian
Xom
The Shining One


Innate Abilities, Weirdness & Mutations

You have extremely sharp teeth.
Your natural rate of healing is unusually fast.
When hurt, damage is shared between your health and your magic reserves.
Your bite disrupts and absorbs the magic of your enemies.
Potions cannot restore your health.
You are immune to rotting.


Message History

The gnoll is almost dead.
The worker ant waves its antennae.
The worker ant bites you.
* * * LOW HITPOINT WARNING * * *
You feel sick. The worker ant bites you.
* * * LOW HITPOINT WARNING * * *
The gnoll closely misses you.
You see here a gnoll skeleton.
You catch the helpless gnoll completely off-guard!
You puncture the gnoll!
You kill the gnoll!
Dithmenos accepts your kill.
You feel sick. The worker ant closely misses you.
You hit the worker ant.
The worker ant is lightly wounded.
The worker ant bites you but does no damage.
You barely miss the worker ant.
The worker ant is lightly wounded.
You feel sick. The worker ant bites you.
You die...

#......##
##.#.#.#
########
#...#.#
####..#.#
#.......#
#.......#
#.......#
#####...#
##.)#
#a@# ##>#
###


You could see a worker ant.

Vanquished Creatures
  Jessica (D:2)
  An orc wizard (D:3)
  A worker ant (D:3)
  3 adders
  4 gnolls
  A worm (D:3)
  2 dart slugs
  2 leopard geckos
  4 orcs (D:3)
  4 giant cockroaches
  10 goblins
  7 hobgoblins
  12 jackals
  3 kobolds
  2 quokkas (D:3)
  17 bats
  3 frilled lizards
  7 rats
84 creatures vanquished.

Notes
Turn   | Place    | Note
-------+----------+-------------------------------------------
     0 | D:1      | night the Vine Stalker Enchanter began the quest for the
                  | Orb.
     0 | D:1      | Reached XP level 1. HP: 9/9 MP: 4/4
    43 | D:1      | Reached skill level 1 in Short Blades
    43 | D:1      | Reached XP level 2. HP: 13/13 MP: 6/6
    50 | D:1      | Reached skill level 4 in Stealth
   450 | D:1      | Learned a level 2 spell: Ensorcelled Hibernation
   726 | D:1      | Reached XP level 3. HP: 16/16 MP: 7/7
   876 | D:1      | Learned a level 3 spell: Confuse
  1459 | D:2      | Noticed Jessica
  1526 | D:2      | Killed Jessica
  1526 | D:2      | Gained mutation: Your natural rate of healing is unusually
                  | fast. [Vine Stalker growth]
  1526 | D:2      | Reached XP level 4. HP: 21/21 MP: 3/8
  1736 | D:2      | Found a stormy altar of Qazlal.
  2223 | D:3      | Reached skill level 5 in Stealth
  2282 | D:3      | Reached XP level 5. HP: 24/24 MP: 7/9
  3113 | D:4      | Found a staircase to the Ecumenical Temple.
  3139 | Temple   | Entered the Ecumenical Temple
  3355 | Temple   | Became a worshipper of Dithmenos the Shadowed
  3399 | D:4      | HP: 1/24 [gnoll/+0 spear (8)]
  3427 | D:3      | Reached XP level 6. HP: 16/28 MP: 3/10
  3493 | D:3      | Slain by a worker ant

Levels and vault maps discovered:
D:1:      dpeg_arrival_chase, layout_loops_cross, minmay_pentomino_u4
D:2:      layout_basic, lemuel_doored_altar, small_statue_intersection,
          chequers_decorated_corner, uniq_jessica
D:3:      cheibrodos_old_hovel, layout_basic, first_ration, roderic_batcave
D:4:      old_forge, layout_loops_cross, old_standard_altar,
          kennysheep_mini_moat, minmay_temple_entry_mist
Temple:   nicolae_temple_figure_eight

Skill      XL: |  1  2  3  4  5 |
---------------+----------------+-----
Short Blades   | 1 2 3 |  3.1
Stealth        | 4 5 |  5.7
Hexes          | 4 |  4.4
Dodging        | |  1.5
Spellcasting   | |  2.1

Action                   |  1- 3 |  4- 6 || total
-------------------------+-------+-------++-------
Melee: Dagger            |    80 |   176 ||   256
       Bite              |    11 |    26 ||    37
 Cast: Ensorcelled Hiber |    11 |    23 ||    34
       Corona            |     3 |     5 ||     8
       Confuse           |     1 |     3 ||     4
  Use: Scroll            |       |     3 ||     3
 Stab: Sleeping          |     8 |    21 ||    29
       Confused          |       |     1 ||     1
  Eat: Chunk             |     3 |     8 ||    11
Armor: Robe              |    25 |    63 ||    88
Dodge: Dodged            |    63 |   155 ||   218

Table legend:
 A = Non-vault XP
 B = Vault XP
 C = Vault XP percentage of total XP
 D = Non-vault monster count
 E = Vault monster count
 F = Vault count percentage of total count
                 A         B        C        D         E       F
            +---------+---------+-------+---------+---------+-------
      Total |     289 |      56 |  16.2 |      70 |      14 |  16.7
            +---------+---------+-------+---------+---------+-------
        D:1 |      51 |       6 |  10.5 |      20 |       4 |  16.7
        D:2 |      43 |      37 |  46.2 |      18 |       1 |   5.3
        D:3 |     181 |      13 |   6.7 |      31 |       9 |  22.5
        D:4 |      14 |       0 |   0.0 |       1 |       0 |   0.0
            +---------+---------+-------+---------+---------+-------
